 Dungeon Crawl Stone Soup version 0.26-b1-45-g23770d1d51 (webtiles) character file.

Game seed: 2459305636449489147

9438 DocSulfur the Transmogrifier (level 11, -3/91 HPs)
             Began as a Grey Draconian Transmuter on Jan 6, 2021.
             Was an Elder of Makhleb.
             Slain by an orc warrior
             ... wielding a +0 war axe
              (16 damage)
             ... in a bailey.
             The game lasted 00:29:25 (12897 turns).

DocSulfur the Transmogrifier (DrTm)                Turns: 12897, Time: 00:29:25

Health: -3/91      AC: 13    Str: 16    XL:     11   Next: 23%
Magic:  17/20      EV: 16    Int: 14    God:    Makhleb [****..]
Gold:   679        SH:  0    Dex: 17    Spells: 14/22 levels left

rFire    . . .     SeeInvis .     - Unarmed
rCold    . . .     Faith    .   (shield currently unavailable)
rNeg     . . .     Spirit   .   (armour unavailable)
rPois    .         Reflect  .   (helmet restricted)
rElec    .         Harm     .   m - scarf {+Inv}
rCorr    .         Rampage  .   (gloves currently unavailable)
Will     .....                  J - +0 pair of boots
Stlth    ++........             p - amulet of magic regeneration
HPRegen  0.25/turn              k - +6 ring of dexterity
MPRegen  0.42/turn              (no ring)

@: blade hands
A: walk through water, unfitting armour, unbreathing, cold-blooded, AC +12
a: End Transformation, Renounce Religion, Evoke Invisibility, Minor Destruction,
Lesser Servant of Makhleb, Major Destruction


You were in a bailey.
You worshipped Makhleb.
Makhleb was greatly pleased with you.
You had blades for hands.
You visited 2 branches of the dungeon, and saw 11 of its levels.
You also visited: Bailey.

You collected 679 gold pieces.

Inventory:

Hand Weapons
 K - a +0 hunting sling of freezing
Missiles
 l - 10 javelins (quivered)
 u - 34 poisoned darts
 E - 2 throwing nets
Armour
 m - a scarf of invisibility (worn)
 v - the +0 pair of boots of the Swamp {rN+ Dex+4 Slay+2}
   (You found it on level 7 of the Dungeon)

   It affects your dexterity (+4).
   It affects your accuracy and damage with ranged weapons and melee attacks
   (+2).
   It protects you from negative energy.
 J - a +0 pair of boots (worn)
Jewellery
 k - a +6 ring of dexterity (left scythe-like blade)
 p - an amulet of magic regeneration (around neck)
Wands
 o - a wand of digging (5)
 y - a wand of polymorph (4)
 B - a wand of iceblast (23)
 F - a wand of paralysis (9)
Scrolls
 b - a scroll of magic mapping {unknown}
 c - 7 scrolls of remove curse
 d - 7 scrolls of enchant weapon
 e - 3 scrolls of enchant armour
 f - 4 scrolls of teleportation
 g - 3 scrolls of fear
 s - 4 scrolls of fog
 t - a scroll of noise {unknown}
 x - a scroll of immolation {unknown}
 z - 2 scrolls of blinking
 A - a scroll of silence {unknown}
 D - a scroll of identify
 G - a scroll of amnesia
 L - a scroll of acquirement
Potions
 a - 4 potions of mutation
 h - 3 potions of haste
 i - a potion of might
 j - a potion of curing
 n - a potion of brilliance {unknown}
 q - a potion of cancellation {unknown}
 r - 2 potions of ambrosia {unknown}
 w - a potion of attraction {unknown}
 C - a potion of heal wounds {unknown}
 H - a potion of degeneration {unknown}
 I - a potion of lignification {unknown}


   Skills:
 * Level 6.5 Fighting
 + Level 1.3 Throwing
 * Level 6.4 Dodging
 + Level 10.1 Unarmed Combat
 - Level 6.0 Spellcasting
 + Level 10.1 Transmutations


You had 14 spell levels left.
You knew the following spells:

 Your Spells              Type           Power        Failure   Level
a - Beastly Appendage     Tmut           64%          10%         1
b - Wereblood             Tmut           32%          11%         2
c - Blade Hands           Tmut           16%          38%         5

Your spell library contained the following spells:

 Spells                   Type           Power        Failure   Level
 Spider Form              Tmut/Pois      9%           36%         3
 Animate Skeleton         Necr           8%           56%         1
 Pain                     Necr           16%          56%         1
 Ice Form                 Ice/Tmut       18%          63%         4
 Stone Arrow              Conj/Erth      8%           83%         3
 Vampiric Draining        Necr           2%           83%         3
 Animate Dead             Necr           2%           98%         4
 Fulminant Prism          Conj/Hex       2%           98%         4
 Agony                    Necr           4%           100%        5
 Summon Mana Viper        Hex/Summ       4%           100%        5
 Discord                  Hex            2%           100%        8


Dungeon Overview and Level Annotations

Branches:
Dungeon (11/15)            Temple (1/1) D:4            Lair (0/6) D:11
    Orc (0/2) D:9          Bailey (1/1)

Altars:
Ashenzari
Dithmenos
Fedhas
Gozag
Kikubaaqudgha
Makhleb
Nemelex Xobeh
Okawaru
Qazlal
Ru
Sif Muna
Trog
Uskayaw
Vehumet
Wu Jian
Xom
Yredelemnul
Zin
The Shining One

Portals:
Abyss: D:3

Annotations:
D:3 2 transporters, Quickbrownfox's ghost, amateur MiMo
D:8 1 runed translucent door, lasso's ghost, novice MiFi


Innate Abilities, Weirdness & Mutations

You can walk through water.
Your dull iron-grey scales are very hard. (AC +12)
You cannot fit into any form of body armour.
You can survive without breathing.
You are cold-blooded and may be slowed by cold attacks.


Message History

The electric eel shoots out a bolt of lightning at you!
The bolt of electricity hits you!
* * * LOW HITPOINT WARNING * * *
The gnoll barely misses you.
The orc warrior hits you but does no damage.
Casting: Blade Hands (dangerous; 7% risk of failure)
Confirm with . or Enter, or press ? or * to list all spells.
Your hands turn into razor-sharp scythe blades.
The electric eel shoots out a bolt of lightning at you!
The bolt of electricity hits you!
* * * LOW HITPOINT WARNING * * *
The gnoll closely misses you. The orc warrior misses you. The gnoll misses you.
You feel better. The gnoll misses you.
The orc warrior hits you with a +0 war axe!!
* * * LOW HITPOINT WARNING * * *
You feel better. The gnoll barely misses you.
You barely miss the orc warrior.
The orc warrior hits you with a +0 war axe!
You die...

#≈≈≈≈≈≈.#'##.##'#....##....
#≈≈≈≈≈≈∩#...∩...#._..##..⌠.
#≈≈≈≈≈≈.#'##^##'#....##....
#≈≈≈≈≈≈.#..#.#..#....##....
#≈≈≈≈≈≈.#..#.#..#....#####'
#≈≈≈≈≈≈.#.[#.#..#....#.....
#≈≈≈≈≈≈.#[[#.#..#....#.....
#≈≈≈≈†######'#####.......##
#≈≈≈≈≈#...@#...))).8.8.8.#
#≈≈≈≈≈#..go#....)#.......#
#≈≈≈≈≈#+#..#######'#######
#≈≈≈≈≈# #..'.............+
#≈≈≈≈≈######≈≈≈≈≈≈≈≈≈≈≈≈≈#
#≈≈≈≈≈≈≈≈≈≈≈≈;≈≈≈≈≈≈≈≈≈≈≈≈
#≈≈≈≈≈≈≈≈≈≈≈≈≈≈≈≈≈≈≈≈≈≈≈≈≈
#≈≈≈≈≈≈≈≈≈≈≈≈≈≈≈≈≈≈≈≈≈≈≈≈≈
#≈≈≈≈≈≈≈≈≈≈≈≈≈≈≈≈≈≈≈≈≈≈≈≈≈


You could see an orc warrior and a gnoll.

Vanquished Creatures
  Harold (D:8)
  Pikel (D:8)
  An orc knight (Bailey)
  An orc sorcerer (Bailey)
  A centaur skeleton (D:11)
  A kobold demonologist (Bailey)
  A troll (D:9)
  Prince Ribbit (D:7)
  3 wyverns (D:11)
  3 yaks (D:11)
  Grum (D:11)
  Menkaure (D:4)
  4 water moccasins
  9 orc warriors
  A sky beast (D:5)
  6 black bears
  An ice beast (D:5)
  5 ogres
  5 wolves (D:11)
  A phantom (D:11)
  6 centaurs
  A lemure (D:8)
  2 bullfrogs
  3 scorpions
  3 howler monkeys
  4 electric eels (Bailey)
  2 centaur zombies (D:5)
  4 jellies
  2 orc priests
  4 hounds
  A bullfrog skeleton (D:7)
  3 iguanas
  Terence (D:3)
  9 orc wizards
  10 worker ants
  2 killer bee zombies
  A worker ant zombie (D:7)
  17 adders
  8 gnolls
  3 shadow imps
  4 white imps
  2 ufetubi
  2 oozes (D:5)
  2 adder skeletons
  An adder zombie (D:6)
  4 dart slugs
  2 worms (D:3)
  7 leopard geckos
  36 orcs
  4 ball pythons
  5 giant cockroaches
  13 goblins
  13 hobgoblins
  9 jackals
  3 quokkas
  2 bats
  4 frilled lizards
  9 kobolds
  7 rats
  A spectral orc (D:4)
264 creatures vanquished.

Vanquished Creatures (others)
  An orc wizard (D:8)
  A bush (D:11)
  2 fungi (D:8)
  8 plants
12 creatures vanquished.

Grand Total: 276 creatures vanquished

Notes
Turn   | Place    | Note
-------+----------+-------------------------------------------
     0 | D:1      | DocSulfur the Draconian Transmuter began the quest for the
                  | Orb.
     0 | D:1      | Reached XP level 1. HP: 16/16 MP: 3/3
   340 | D:1      | Reached XP level 2. HP: 23/23 MP: 3/5
   862 | D:1      | Reached XP level 3. HP: 10/28 MP: 4/6
  1704 | D:2      | Learned a level 2 spell: Wereblood
  2261 | D:2      | Reached XP level 4. HP: 35/35 MP: 5/7
  2620 | D:3      | Noticed Terence
  2632 | D:3      | Killed Terence
  3110 | D:3      | Reached XP level 5. HP: 38/41 MP: 6/9
  3475 | D:3      | Found a transporter.
  3495 | D:3      | Noticed a small abomination
  3512 | D:3      | Found a one-way gate to the infinite horrors of the Abyss.
  3512 | D:3      | Noticed Quickbrownfox's ghost (amateur MiMo)
  3512 | D:3      | Noticed a small abomination
  3512 | D:3      | Noticed a small abomination
  3606 | D:3      | Found a transporter.
  3607 | D:3      | Noticed a toenail golem
  3728 | D:3      | Found a radiant altar of Vehumet.
  3947 | D:4      | Noticed a centaur
  3961 | D:4      | Killed a centaur
  3962 | D:4      | Reached skill level 5 in Unarmed Combat
  3962 | D:4      | Reached XP level 6. HP: 22/48 MP: 10/10
  4431 | D:4      | Found a staircase to the Ecumenical Temple.
  4443 | Temple   | Entered the Ecumenical Temple
  4707 | Temple   | Became a worshipper of Makhleb the Destroyer
  4797 | D:4      | Found an ornate altar of the Wu Jian Council.
  4797 | D:4      | Found a blossoming altar of Fedhas.
  4851 | D:4      | Learned a level 5 spell: Blade Hands
  4985 | D:4      | Noticed Menkaure
  5587 | D:4      | Killed Menkaure
  5588 | D:4      | Your scales start taking on a dull iron-grey colour.
  5588 | D:4      | Reached XP level 7. HP: 16/55 MP: 10/12
  5588 | D:4      | Gained mutation: You can survive without breathing. [Grey
                  | Draconian growth]
  6111 | D:4      | Found a basalt altar of Yredelemnul.
  6310 | D:5      | Entered Level 5 of the Dungeon
  6662 | D:5      | Reached * piety under Makhleb
  7168 | D:5      | Reached skill level 5 in Transmutations
  7168 | D:5      | Reached XP level 8. HP: 63/63 MP: 12/14
  8480 | D:7      | Reached ** piety under Makhleb
  8835 | D:7      | Got a pair of twisted boots
  8856 | D:7      | Identified the +0 pair of boots of the Swamp {rN+ Dex+4
                  | Slay+2} (You found it on level 7 of the Dungeon)
  9017 | D:7      | Reached XP level 9. HP: 72/72 MP: 13/15
  9036 | D:7      | Noticed Prince Ribbit
  9042 | D:7      | Killed Prince Ribbit
  9433 | D:8      | Found an iron altar of Okawaru.
  9557 | D:8      | Noticed Pikel
  9601 | D:8      | Killed Pikel
  9602 | D:8      | Reached skill level 5 in Fighting
  9804 | D:8      | Noticed Harold
  9834 | D:8      | Killed Harold
  9835 | D:8      | Reached skill level 5 in Spellcasting
 10575 | D:8      | Found a runed translucent door.
 10580 | D:8      | Noticed a polar bear
 10580 | D:8      | Identified the +3 spear "Wuoreosk" {elec, rElec rN+++ Str-5
                  | Stlth+}
 10581 | D:8      | Noticed lasso's ghost (novice MiFi)
 10939 | D:9      | Found a broken altar of Ashenzari.
 10955 | D:9      | Found a staircase to the Orcish Mines.
 11088 | D:9      | Reached skill level 5 in Dodging
 11088 | D:9      | Reached XP level 10. HP: 83/83 MP: 18/18
 11096 | D:9      | Identified Sapyhurgh's Volume of Earthen Bewitchment
 11476 | D:9      | You fall into a shaft and drop 2 floors!
 11476 | D:11     | Found a staircase to the Lair.
 11503 | D:11     | Reached *** piety under Makhleb
 11832 | D:11     | Found a flagged portal.
 11835 | D:11     | Noticed Grum
 11861 | D:11     | Killed Grum
 11862 | D:11     | Reached skill level 10 in Transmutations
 11895 | Bailey   | Entered a bailey
 11943 | Bailey   | Found an iron altar of Okawaru.
 11943 | Bailey   | Noticed an orc sorcerer
 11952 | Bailey   | Killed an orc sorcerer
 11953 | Bailey   | Reached skill level 10 in Unarmed Combat
 11953 | Bailey   | Reached XP level 11. HP: 89/89 MP: 14/20
 11954 | Bailey   | Reached **** piety under Makhleb
 12104 | Bailey   | Noticed an orc knight
 12115 | Bailey   | Killed an orc knight
 12122 | Bailey   | Reached skill level 1 in Throwing
 12897 | Bailey   | Slain by an orc warrior

Illustrated notes

Levels and vault maps discovered:
D:1:      arrival_zaba_pyramid, layout_basic, minmay_indecisive_spiral
D:2:      layout_basic
D:3:      layout_rooms, fiery_altar_vehumet, gammafunk_ghost_abyssal_escape,
          grunt_decor_resistance, uniq_terence
D:4:      layout_loops_cross, yredelemnul_forgotten_temple_becter,
          gammafunk_temple_overflow_elements, minmay_temple_entry_junction,
          kennysheep_generic_room_10, uniq_menkaure
D:5:      layout_gridville
D:6:      layout_basic, wad_rectangle_vault
D:7:      layout_basic, uniq_prince_ribbit1
D:8:      layout_basic, ebering_ghost_funeral_grove,
          kennysheep_okawaru_gauntlet, uniq_pikel, uniq_harold
D:9:      layout_roguey, old_standard_altar, nicolae_overflow_hidden_temple,
          orc_0_dummy
D:11:     layout_cave_pods, minmay_lair_entry_grove, enter_bailey_6,
          nrook_campfire, uniq_psyche, uniq_grum
Temple:   minmay_temple_curvy_branch
Bailey:   bailey_axe_of_yendor_kennysheep, bailey

Skill      XL: |  1  2  3  4  5  6  7  8  9 10 11 |
---------------+----------------------------------+-----
Dodging        | 2 3 5 6 |  6.4
Unarmed Combat | 4 5 6 7 8 10 | 10.1
Transmutations | 3 4 5 6 8 10 | 10.1
Fighting       | 2 3 4 5 6 |  6.5
Spellcasting   | 3 4 5 6 |  6.0
Throwing       | 1 |  1.3

Action                   |  1- 3 |  4- 6 |  7- 9 | 10-12 || total
-------------------------+-------+-------+-------+-------++-------
Melee: Unarmed           |    97 |   153 |   381 |   183 ||   814
       Kick              |    18 |    40 |    75 |     8 ||   141
       Headbutt          |     9 |    24 |    42 |     7 ||    82
       Tailslap          |     5 |    19 |    52 |    27 ||   103
       Punch             |       |     3 |     9 |     9 ||    21
Throw: Javelin           |       |     2 |     5 |       ||     7
 Cast: Beastly Appendage |    29 |    17 |    47 |     4 ||    97
       Wereblood         |     1 |     3 |    15 |    12 ||    31
       Blade Hands       |       |       |       |    16 ||    16
 Abil: End Transformatio |       |       |     1 |       ||     1
Evoke: Wand              |       |       |       |     1 ||     1
  Use: Scroll            |       |     6 |     4 |     4 ||    14
       Potion            |       |       |     2 |     2 ||     4
 Stab: Sleeping          |       |       |     1 |     1 ||     2
Armor: Skin              |    30 |    51 |   146 |    79 ||   306
Dodge: Dodged            |    78 |    85 |   265 |   225 ||   653
